 Dungeon Crawl Stone Soup version 0.31.0-9-g3a7656b989 (webtiles) character file.

Game seed: 9377180557963840123

5545 qw the Markself (level 10, 0/59 HPs)
             Began as a Deep Elf Hunter on Feb 2, 2024.
             Was a Priest of Okawaru.
             Slain by a very large slime creature (54 damage)
             ... on level 9 of the Dungeon.
             The game lasted 00:00:38 (7342 turns).

qw the Markself (Deep Elf Hunter)                   Turns: 7342, Time: 00:00:39

Health: 0/59       AC: 12    Str: 12    XL:     10   Next: 43%
Magic:  15/15      EV: 16    Int: 18    God:    Okawaru [***...]
Gold:   233        SH:  0    Dex: 18    Spells: 9/9 levels left

rFire   . . .        e - +6 longbow (freeze)
rCold   . . .        (shield currently unavailable)
rNeg    + . .        i - +3 scale mail of Qofinov {^Drain rPois rN+ Int+3}
rPois   +            (no helmet)
rElec   .            b - +0 cloak
rCorr   .            d - +1 pair of gloves
SInv    .            (no boots)
Will    +....        (no amulet)
Stlth   +            q - +5 ring of evasion
HPRegen 0.29/turn    (no ring)
MPRegen 0.14/turn

%: no passive effects
@: no status effects
A: no striking features
a: Renounce Religion, Heroism


You were on level 9 of the Dungeon.
You worshipped Okawaru.
Okawaru was most pleased with you.
You visited 2 branches of the dungeon, and saw 10 of its levels.
You also visited: Sewer.

You collected 620 gold pieces.
You spent 387 gold pieces at shops.


   Skills:
 - Level 5.1 Fighting
 + Level 17.3 Ranged Weapons
 - Level 2.0 Armour
 - Level 5.1 Dodging
 - Level 1.2 Stealth
 - Level 4.0 Invocations


You had 9 spell levels left.
You didn't know any spells.
Your spell library was empty.

Inventory:

Hand Weapons
 e - a +6 longbow of freezing (weapon)
Armour
 b - a +0 cloak (worn)
 d - a +1 pair of gloves (worn)
 f - a +0 leather armour of fire resistance
 i - the +3 scale mail of Qofinov (worn) {^Drain rPois rN+ Int+3}
   (You found it on level 5 of the Dungeon)

   Int+3:     It affects your intelligence (+3).
   rPois:     It protects you from poison rN+: It protects you from negative
   energy.
   ^Drain:    It drains your maximum health when unequipped.
 n - a +1 ring mail of cold resistance
Jewellery
 l - a ring of poison resistance
 q - a +5 ring of evasion (left hand)
Wands
 a - a wand of mindburst (7)
 m - a wand of digging (6)
 o - a wand of acid (3)
 r - a wand of iceblast (14)
Scrolls
 p - a scroll of teleportation
Potions
 c - 4 potions of heal wounds
 g - a potion of cancellation
 h - a potion of might
 k - a potion of enlightenment

Dungeon Overview and Level Annotations

Branches:
Dungeon (9/15)             Temple (1/1) D:6           Sewer (visited)
   Lair: D:8-11         Orc: D:9-12

Altars:
Ashenzari
Cheibriados
Dithmenos
Elyvilon
Fedhas
Gozag
Hepliaklqana
Kikubaaqudgha
Makhleb
Nemelex Xobeh
Okawaru
Qazlal
Ru
Sif Muna
Trog
Uskayaw
Vehumet
Wu Jian
Xom
Yredelemnul
Zin
The Shining One

Shops:
D:1 !   D:6 *?![[

Annotations:
D:3 2 transporters


Message History

The arrow freezes the slime creature.
You kill the slime creature!
Okawaru accepts your kill.
You shoot an arrow. The arrow hits the slime creature!
The arrow freezes the slime creature.
The slime creature is moderately wounded.
You shoot an arrow. The arrow hits the slime creature.
The arrow freezes the slime creature.
The slime creature is heavily wounded.
A slime creature comes into view.
The slime creature hits you but does no damage.
You shoot an arrow. The arrow hits the slime creature!
The arrow freezes the slime creature.
The slime creature is heavily wounded.
The slime creature hits you but does no damage.
Enter note:
Enter note:
7338 ||| RETREEEEATING.
The slime creature attacks as it pursues you!
The slime creature hits you.
You shoot an arrow. The arrow hits the slime creature!!
The arrow freezes the slime creature.
The slime creature is almost dead.
Two slime creatures merge to form a large slime creature.
You shoot an arrow.
The arrow hits the large slime creature!!
The arrow freezes the large slime creature.
The large slime creature is severely wounded.
Two slime creatures merge to form a very large slime creature.
You shoot an arrow.
The arrow hits the very large slime creature!
The arrow freezes the very large slime creature.
The very large slime creature is heavily wounded.
You shoot an arrow.
The arrow hits the very large slime creature!
The arrow freezes the very large slime creature.
The very large slime creature is severely wounded.
The very large slime creature hits you!!!
Ouch! That really hurt!
You die...

### #.# #.#
####.#####
#.....@J.##
#.###.###.......
#. #.# .######
.##.###.###J#####
.....#...(......#
#.......#...J..
#.........##J..
#####.##### . #.#


You could see a very large slime creature.

Vanquished Creatures
  Pikel (D:6)
  3 slime creatures (D:9)
  Sigmund (D:3)
  A wyvern (D:7)
  14 yaks
  2 steam dragons
  2 water moccasins (D:8)
  3 ice beasts
  Pargi (Sewer)
  2 ogres
  2 centaurs
  A lemure (D:6)
  2 kobold brigands
  Blork the orc (D:4)
  A brain worm (Sewer)
  2 bullfrogs (D:7)
  A scorpion (D:5)
  A burial acolyte (D:6)
  A bombardier beetle (D:6)
  A jelly (D:6)
  An orc priest (D:6)
  3 hounds
  3 iguanas
  2 sleepcaps
  Ijyb (D:3)
  3 orc wizards
  2 hound zombies (D:6)
  A river rat (D:4)
  8 adders
  3 gnolls (D:5)
  3 shadow imps
  An ufetubus (D:6)
  An adder zombie (D:6)
  2 ribbon worms
  A dart slug (D:1)
  8 orcs
  9 endoplasms
  3 giant cockroaches
  A gnoll zombie (D:6)
  6 goblins
  5 hobgoblins (D:2)
  6 quokkas
  5 ball pythons
  5 bats
  2 frilled lizards
  11 kobolds
  3 kobold zombies (D:6)
  5 rats
147 creatures vanquished.

Vanquished Creatures (others)
  An ufetubus (D:6)
1 creature vanquished.

Grand Total: 148 creatures vanquished

Notes
Turn   | Place    | Note
-------+----------+-------------------------------------------
     0 | D:1      | qw the Deep Elf Hunter began the quest for the Orb.
     0 | D:1      | Reached XP level 1. HP: 12/12 MP: 3/3
     0 | D:1      | 0 ||| qw: Version: 0.3-a-155-g5e7d8dd
     0 | D:1      | 0 ||| qw: Game counter: 163
     0 | D:1      | 0 ||| qw: Melee chars always use a shield: true
     0 | D:1      | 0 ||| qw: God list: Okawaru
     0 | D:1      | 0 ||| qw: Allow faded altars: false
     0 | D:1      | 0 ||| qw: Do Orc after clearing Dungeon:15 true
     0 | D:1      | 0 ||| qw: Do second Lair branch before Depths: true
     0 | D:1      | 0 ||| qw: Lair rune preference: random
     0 | D:1      | 0 ||| qw: Goals: Normal
     0 | D:1      | 0 ||| PLANNING D:1-11
    27 | D:1      | Found Jonnekhi's Distillery.
    40 | D:1      | 40 ||| SHOPLISTING potion of haste (120 gold, have 9).
    40 | D:1      | 40 ||| SHOPLISTING potion of heal wounds (60 gold, have 9).
    40 | D:1      | 40 ||| SHOPLISTING potion of might (48 gold, have 9).
    88 | D:1      | Reached XP level 2. HP: 14/16 MP: 4/4
    97 | D:1      | Reached skill level 6 in Ranged Weapons
   357 | D:1      | Found a faded altar of an unknown god.
   522 | D:1      | 522 ||| UPGRADING to +0 pair of gloves.
   527 | D:1      | 527 ||| UPGRADING to +0 ring mail.
   537 | D:1      | 537 ||| DROPPING +0 leather armour.
   538 | D:1      | 538 ||| READING 3 scrolls labelled HORYGA FOUS.
   538 | D:1      | 538 ||| IDENTIFYING scroll labelled MEGIQ IT TOXT
   539 | D:1      | 539 ||| DROPPING scroll of butterflies.
   540 | D:1      | 540 ||| DROPPING scroll of fear.
   588 | D:2      | Reached XP level 3. HP: 11/20 MP: 5/5
   682 | D:2      | 682 ||| FLEEEEING.
   683 | D:2      | 683 ||| FLEEEEING.
   686 | D:2      | 686 ||| FLEEEEING.
   687 | D:2      | 687 ||| FLEEEEING.
   688 | D:2      | 688 ||| FLEEEEING.
   689 | D:2      | 689 ||| FLEEEEING.
   690 | D:2      | 690 ||| FLEEEEING.
   691 | D:2      | 691 ||| FLEEEEING.
   692 | D:2      | 692 ||| FLEEEEING.
   693 | D:2      | 693 ||| FLEEEEING.
   694 | D:2      | 694 ||| FLEEEEING.
   695 | D:2      | 695 ||| FLEEEEING.
   696 | D:2      | 696 ||| STAIRDANCE
   938 | D:2      | Reached skill level 7 in Ranged Weapons
  1435 | D:2      | 1435 ||| UPGRADING to +0 cloak.
  1440 | D:2      | 1440 ||| READING 4 scrolls of identify.
  1440 | D:2      | 1440 ||| IDENTIFYING viscous grey potion
  1441 | D:2      | 1441 ||| READING 3 scrolls of identify.
  1441 | D:2      | 1441 ||| IDENTIFYING pink potion
  1442 | D:2      | 1442 ||| READING 2 scrolls of identify.
  1442 | D:2      | 1442 ||| IDENTIFYING glowing red potion
  1443 | D:2      | 1443 ||| READING scroll of identify.
  1443 | D:2      | 1443 ||| IDENTIFYING scroll labelled JISCHYW PYASK
  1444 | D:2      | 1444 ||| READING scroll labelled FUDDOSI LOUMI.
  1448 | D:2      | 1448 ||| READING scroll labelled JILEDWU PYJY.
  1449 | D:2      | 1449 ||| READING scroll labelled KIYRUTRUC XEUTI.
  1450 | D:2      | 1450 ||| DROPPING scroll of fog.
  1451 | D:2      | 1451 ||| DROPPING potion of invisibility.
  1641 | D:3      | Noticed an ogre
  1645 | D:3      | 1645 ||| RETREEEEATING.
  1646 | D:3      | 1646 ||| RETREEEEATING.
  1647 | D:3      | 1647 ||| RETREEEEATING.
  1648 | D:3      | 1648 ||| RETREEEEATING.
  1649 | D:3      | 1649 ||| RETREEEEATING.
  1654 | D:3      | Killed an ogre
  1655 | D:3      | Reached skill level 8 in Ranged Weapons
  1655 | D:3      | Reached XP level 4. HP: 10/25 MP: 6/6
  1655 | D:3      | Reached XP level 5. HP: 12/29 MP: 7/7
  1829 | D:3      | Found a transporter.
  1829 | D:3      | Found a stormy altar of Qazlal.
  1829 | D:3      | Noticed a phantom
  1852 | D:3      | Found a transporter.
  2206 | D:3      | Noticed Ijyb
  2210 | D:3      | 2210 ||| FLEEEEING.
  2211 | D:3      | 2211 ||| FLEEEEING.
  2212 | D:3      | 2212 ||| FLEEEEING.
  2213 | D:3      | 2213 ||| FLEEEEING.
  2214 | D:3      | 2214 ||| FLEEEEING.
  2215 | D:3      | 2215 ||| FLEEEEING.
  2216 | D:3      | 2216 ||| FLEEEEING.
  2217 | D:3      | 2217 ||| FLEEEEING.
  2218 | D:3      | 2218 ||| FLEEEEING.
  2219 | D:3      | 2219 ||| FLEEEEING.
  2235 | D:3      | Killed Ijyb
  2344 | D:3      | Noticed Sigmund
  2346 | D:3      | 2346 ||| ZAPPING wand of acid (5) at 0,-5 (Sigmund; floor).
  2347 | D:3      | 2347 ||| ZAPPING wand of acid (4) at 0,-4 (Sigmund; floor).
  2347 | D:3      | Killed Sigmund
  2348 | D:3      | Reached skill level 10 in Ranged Weapons
  2348 | D:3      | Reached XP level 6. HP: 34/34 MP: 8/8
  2478 | D:3      | 2478 ||| UPGRADING to +5 ring of evasion.
  2479 | D:3      | 2479 ||| READING scroll labelled HOMUTT WAOMYA.
  2480 | D:3      | 2480 ||| READING scroll labelled OVEQIL EKEXOU.
  2480 | D:3      | Identified a scroll of acquirement
  2480 | D:3      | 2480 ||| ACQUIRING +4 longbow of freezing
  2480 | D:3      | Acquired a +4 longbow of freezing
  2482 | D:3      | 2482 ||| SWAPPING to +4 longbow of freezing.
  2483 | D:3      | 2483 ||| DROPPING +0 shortbow.
  2484 | D:3      | 2484 ||| READING scroll labelled POZOCZ NEKOMUC.
  2485 | D:3      | 2485 ||| READING scroll labelled LISE KUEXEOM.
  2485 | D:3      | 2485 ||| ENCHANTING +0 pair of gloves.
  2486 | D:3      | 2486 ||| READING scroll labelled FISHRI PUCE.
  2487 | D:3      | 2487 ||| READING scroll labelled YGOERE NOLLY.
  2488 | D:3      | 2488 ||| READING scroll labelled VYONA REARORGH.
  2488 | D:3      | 2488 ||| ENCHANTING +4 longbow of freezing.
  2489 | D:3      | 2489 ||| DRINKING 2 yellow potions.
  2490 | D:3      | 2490 ||| DRINKING potion of curing.
  2490 | D:3      | 2490 ||| (to cure confusion)
  2491 | D:3      | 2491 ||| DROPPING potion of ambrosia.
  2493 | D:3      | 2493 ||| Stepping ~*~*~tactically~*~*~ (cloud).
  2502 | D:3      | HP: 8/34 [poisoned by you (poison gas)]
  2634 | D:4      | 2634 ||| PLANNING SEWER
  2795 | D:4      | Noticed Blork the orc
  2802 | D:4      | Killed Blork the orc
  3210 | D:4      | Reached skill level 1 in Armour
  3224 | D:4      | Found a glowing drain.
  3225 | D:4      | 3225 ||| READING scroll labelled WOFAOW TIFITH.
  3326 | D:4      | 3326 ||| DRINKING 2 glowing clear potions.
  3332 | Sewer    | Entered a sewer
  3395 | Sewer    | Reached skill level 3 in Dodging
  3395 | Sewer    | Reached XP level 7. HP: 39/40 MP: 9/9
  3456 | Sewer    | Noticed Pargi
  3458 | Sewer    | Killed Pargi
  3496 | Sewer    | 3496 ||| READING scroll of identify.
  3496 | Sewer    | 3496 ||| IDENTIFYING dark potion
  3516 | D:4      | 3516 ||| PLANNING D:1-11
  3614 | D:5      | Entered Level 5 of the Dungeon
  3646 | D:5      | Identified the +3 scale mail of Qofinov {^Drain rPois rN+
                  | Int+3}
  3836 | D:5      | Reached skill level 11 in Ranged Weapons
  3838 | D:5      | Found a hazy altar of Hepliaklqana.
  4149 | D:5      | Reached skill level 12 in Ranged Weapons
  4149 | D:5      | Reached XP level 8. HP: 45/45 MP: 10/10
  4581 | D:5      | 4581 ||| UPGRADING to +3 scale mail of Qofinov {^Drain
                  | rPois rN+ Int+3}.
  4591 | D:5      | 4591 ||| DROPPING +0 ring mail.
  4592 | D:5      | 4592 ||| DROPPING +1 leather armour of cold resistance.
  4658 | D:6      | 4658 ||| RETREEEEATING.
  4662 | D:6      | Noticed Pikel
  4663 | D:6      | 4663 ||| DRINKING potion of haste.
  4670 | D:6      | Killed Pikel
  4723 | D:6      | Found an ancient bone altar of Kikubaaqudgha.
  4751 | D:6      | 4751 ||| Stepping ~*~*~tactically~*~*~ (cloud).
  4753 | D:6      | Reached skill level 13 in Ranged Weapons
  4816 | D:6      | Found Aghiocre's Antique Armour Shoppe.
  4819 | D:6      | 4819 ||| BUYING glowing leather armour (105 gold).
  4819 | D:6      | Bought a glowing leather armour for 105 gold pieces
  4819 | D:6      | 4819 ||| BUYING runed leather armour (105 gold).
  4819 | D:6      | Bought a runed leather armour for 105 gold pieces
  4819 | D:6      | 4819 ||| BUYING runed ring mail (147 gold).
  4819 | D:6      | Bought a runed ring mail for 147 gold pieces
  4878 | D:6      | Found Qeataudd's Distillery.
  4883 | D:6      | 4883 ||| SHOPLISTING potion of curing (36 gold, have 32).
  4883 | D:6      | 4883 ||| SHOPLISTING potion of haste (120 gold, have 32).
  4883 | D:6      | 4883 ||| SHOPLISTING potion of resistance (120 gold, have
                  | 32).
  5010 | D:6      | Found Wenatix's General Store.
  5015 | D:6      | Found Faegost's Magic Scroll Shop.
  5025 | D:6      | 5025 ||| READING scroll of enchant weapon.
  5025 | D:6      | 5025 ||| ENCHANTING +5 longbow of freezing.
  5028 | D:6      | 5028 ||| SHOPLISTING +2 pair of gloves of strength (322
                  | gold, have 41).
  5028 | D:6      | 5028 ||| SHOPLISTING potion of curing (45 gold, have 41).
  5028 | D:6      | 5028 ||| BUYING scroll of identify (30 gold).
  5028 | D:6      | Bought a scroll of identify for 30 gold pieces
  5044 | D:6      | 5044 ||| SHOPLISTING 3 scrolls of identify (84 gold, have
                  | 11).
  5044 | D:6      | 5044 ||| SHOPLISTING scroll of identify (28 gold, have 11).
  5044 | D:6      | 5044 ||| SHOPLISTING scroll of teleportation (42 gold, have
                  | 11).
  5068 | D:6      | Found Coxes's Armour Shoppe.
  5080 | D:6      | 5080 ||| SHOPLISTING +0 scale mail of fire resistance (121
                  | gold, have 11).
  5080 | D:6      | 5080 ||| SHOPLISTING +2 robe of fire resistance (194 gold,
                  | have 11).
  5158 | D:6      | Reached XP level 9. HP: 54/54 MP: 11/11
  5178 | D:6      | Found a staircase to the Ecumenical Temple.
  5179 | D:6      | 5179 ||| PLANNING TEMPLE
  5179 | D:6      | 5179 ||| DROPPING +1 leather armour of positive energy.
  5180 | D:6      | 5180 ||| READING 2 scrolls of identify.
  5180 | D:6      | 5180 ||| IDENTIFYING brown potion
  5181 | D:6      | 5181 ||| READING scroll of identify.
  5181 | D:6      | 5181 ||| IDENTIFYING glowing black potion
  5182 | D:6      | 5182 ||| DRINKING 2 orange potions.
  5183 | D:6      | 5183 ||| DROPPING potion of berserk rage.
  5184 | D:6      | 5184 ||| DROPPING wand of flame (44).
  5193 | Temple   | Entered the Ecumenical Temple
  5194 | Temple   | 5194 ||| PLANNING OKAWARU WORSHIP
  5199 | Temple   | Became a worshipper of Warmaster Okawaru
  5200 | Temple   | 5200 ||| PLANNING D:1-11
  5758 | D:7      | Reached skill level 14 in Ranged Weapons
  5960 | D:7      | Found a glowing silver altar of Zin.
  6073 | D:7      | Found a shimmering blue altar of Sif Muna.
  6288 | D:7      | 6288 ||| READING scroll of identify.
  6288 | D:7      | 6288 ||| IDENTIFYING 2 scrolls labelled BENETUO LERPH
  6289 | D:7      | 6289 ||| DROPPING 2 scrolls of summoning.
  6320 | D:8      | 6320 ||| RETREEEEATING.
  6321 | D:8      | 6321 ||| RETREEEEATING.
  6322 | D:8      | 6322 ||| RETREEEEATING.
  6324 | D:8      | 6324 ||| RETREEEEATING.
  6325 | D:8      | 6325 ||| RETREEEEATING.
  6326 | D:8      | 6326 ||| RETREEEEATING.
  6327 | D:8      | 6327 ||| RETREEEEATING.
  6328 | D:8      | 6328 ||| RETREEEEATING.
  6329 | D:8      | 6329 ||| RETREEEEATING.
  6330 | D:8      | 6330 ||| RETREEEEATING.
  6332 | D:8      | Reached skill level 15 in Ranged Weapons
  6334 | D:8      | Reached * piety under Okawaru
  6335 | D:8      | 6335 ||| INVOKING Heroism.
  6335 | D:8      | HP: 13/54 [yak (5)]
  6336 | D:8      | 6336 ||| READING 2 scrolls of teleportation.
  6337 | D:8      | HP: 2/54 [yak (12)]
  6338 | D:8      | 6338 ||| DRINKING 5 potions of heal wounds.
  6501 | D:8      | Found a sparkling altar of Nemelex Xobeh.
  6546 | D:8      | Reached skill level 1 in Invocations
  6642 | D:8      | 6642 ||| Stepping ~*~*~tactically~*~*~ (cloud).
  6707 | D:8      | Reached skill level 16 in Ranged Weapons
  6707 | D:8      | Reached skill level 3 in Invocations
  6714 | D:8      | Reached ** piety under Okawaru
  6715 | D:8      | Reached XP level 10. HP: 38/59 MP: 14/14
  6943 | D:8      | 6943 ||| READING scroll of identify.
  6943 | D:8      | 6943 ||| IDENTIFYING sedimented green potion
  6944 | D:8      | 6944 ||| DROPPING potion of attraction.
  7251 | D:9      | Found a sacrificial altar of Ru.
  7287 | D:9      | Reached skill level 17 in Ranged Weapons
  7325 | D:9      | 7325 ||| RETREEEEATING.
  7326 | D:9      | 7326 ||| RETREEEEATING.
  7327 | D:9      | 7327 ||| RETREEEEATING.
  7331 | D:9      | Reached *** piety under Okawaru
  7338 | D:9      | 7338 ||| RETREEEEATING.
  7342 | D:9      | Slain by a very large slime creature

Levels and vault maps discovered:
D:1:      orjb1_clovarrival, layout_rooms, ebering_ecumenical_altar_hall,
          serial_shops, shop, minmay_misc_feat_x, chequers_jeans
D:2:      layout_basic, kennysheep_generic_room_16
D:3:      layout_loops_corners, gammafunk_temple_overflow_arena, uniq_sigmund,
          uniq_ijyb
D:4:      layout_loops_cross, gup_sewer_entry_bubbles, uniq_blork_the_orc
D:5:      layout_layer_cave, worldfamousw_hep_ancestral_shrine
D:6:      layout_rooms, regret_index_kikubaaqudgha_part_by_part,
          lemuel_temple_firewalk_b, serial_shops, shop_fountains,
          nicolae_shop_hallway_plus, nicolae_shop_getting_attention, shop,
          kennysheep_mini_moat, roderic_nine_men_s_morris, uniq_pikel
D:7:      layout_cave_pods, mainiacjoe_overflow_alcove_2,
          mainiacjoe_overflow_surrounded_room
D:8:      layout_cave_pools, nemelex_xobeh_ov_fountains_minmay
D:9:      lemuel_ogre_cave, layout_loops_corners,
          mainiacjoe_overflow_tiny_flanked
Temple:   hellmonk_temple_two_chambers

Skill      XL: |  1  2  3  4  5  6  7  8  9 10 |
---------------+-------------------------------+-----
Ranged Weapons | 6 8 10 12 13 16 17 | 17.3
Fighting       | 2 5 |  5.1
Armour         | 1 2 |  2.0
Dodging        | 3 4 5 |  5.1
Invocations    | 3 4 |  4.0
Stealth        | |  1.2

Action                     |  1- 3 |  4- 6 |  7- 9 | 10-12 || total
---------------------------+-------+-------+-------+-------++-------
   Fire: Shortbow          |   126 |    43 |       |       ||   169
         Longbow           |       |    40 |   174 |    54 ||   268
 Invoke: Heroism           |       |       |     1 |       ||     1
  Evoke: Wand              |       |     2 |       |       ||     2
    Use: Scroll            |     8 |     8 |     6 |     1 ||    23
         Potion            |       |     3 |     3 |       ||     6
 Armour: Leather armour    |     7 |       |       |       ||     7
         Ring mail         |    50 |    18 |     5 |       ||    73
         Scale mail        |       |       |    44 |    17 ||    61
  Dodge: Dodged            |    63 |    25 |    58 |    13 ||   159

Table legend:
 A = Non-vault XP
 B = Vault XP
 C = Vault XP percentage of total XP
 D = Non-vault monster count
 E = Vault monster count
 F = Vault count percentage of total count
                 A         B        C        D         E       F
            +---------+---------+-------+---------+---------+-------
      Total |    6400 |    1522 |  19.2 |     114 |      32 |  21.9
            +---------+---------+-------+---------+---------+-------
        D:1 |      25 |       0 |   0.0 |      14 |       0 |   0.0
        D:2 |      57 |       6 |   9.5 |      22 |       3 |  12.0
        D:3 |     141 |     250 |  63.9 |       6 |       2 |  25.0
        D:4 |      70 |     127 |  64.5 |      10 |       7 |  41.2
        D:5 |     441 |       0 |   0.0 |       9 |       0 |   0.0
        D:6 |     600 |     802 |  57.2 |      14 |      11 |  44.0
        D:7 |     880 |       0 |   0.0 |      12 |       0 |   0.0
        D:8 |    1882 |       0 |   0.0 |      16 |       0 |   0.0
        D:9 |    2304 |       0 |   0.0 |      11 |       0 |   0.0
      Sewer |       0 |     337 | 100.0 |       0 |       9 | 100.0
            +---------+---------+-------+---------+---------+-------
